AoeStats
← UrgedAsp3757

Arabia

508116408Analyzed
1v1 RM · 11d ago on Sep 21, 2026· 38m 38s· 2 players
Game mode
Random Map
Map size
Tiny (2 player)
Population
200
Speed
Normal
Resources
Standard
Victory
Conquest
Starting age
Dark Age
Ending age
Imperial Age
RankedLock teamsTeams togetherTeam positionsShared explorationLock speedFull tech treeHidden civsTurbo modeCheats
Victory
Defeat
🇨🇴 Spanish · Colombia
620
+17
🇨🇴 Burgundians · Colombia
631
-17
3stebanMo
10:21 Feudal Age
11:18 Horse Collar
11:26 Double-Bit Axe
16:23 Bloodlines
20:05 Gold Mining
22:34 Castle Age
22:27 Scale Barding Armor
22:58 Light Cavalry
25:31 Stone Mining
28:33 Wheelbarrow
32:55 Hand Cart
UrgedAsp3757
10:28 Feudal Age
11:48 Wheelbarrow
11:32 Horse Collar
12:40 Heavy Plow
24:26 Castle Age
24:37 Forging
24:18 Fletching
28:31 Stone Mining
29:32 Scale Barding Armor
30:28 Iron Casting
33:42 Bodkin Arrow
34:13 Hand Cart
35:28 Scale Mail Armor
34:56 Pikeman
Connection lost

Rejoining the realm…

Still unreachable

The connection could not be restored.

Session expired

The server has moved on; the page needs a fresh start.